 Dungeon Crawl Stone Soup version 0.30-a0-965-g42e074c17a (webtiles) character file.

Game seed: 10185962741078281952

110 cforsyth the Trooper (level 5, -1/42 HPs)
             Began as a Formicid Fighter on Mar 30, 2023.
             Killed from afar by an orc wizard (6 damage)
             ... with a puff of flame
             ... on level 4 of the Dungeon.
             The game lasted 00:01:58 (2207 turns).

cforsyth the Trooper (Formicid Fighter)             Turns: 2207, Time: 00:01:58

Health: -1/42      AC:  6    Str: 22    XL:     5   Next: 14%
Magic:  5/5        EV:  9    Int:  8    God:
Gold:   237        SH:  5    Dex: 13    Spells: 4/4 levels left

rFire   . . .      SeeInvis +    a - +0 flail
rCold   . . .      Faith    .    c - +0 buckler
rNeg    . . .      Spirit   .    b - +0 scale mail
rPois   .          Reflect  .    (helmet unavailable)
rElec   .          Rampage  .    (no cloak)
rCorr   .                        (no gloves)
Will    .....                    (no boots) Stlth
                                 (no amulet)
HPRegen 0.27/turn                (no ring)
MPRegen 0.09/turn                (no ring)

@: no status effects
A: permanent stasis, dig shafts and tunnels, antennae 3, four strong arms
a: Dig, Shaft Self


You were on level 4 of the Dungeon.
You visited 1 branch of the dungeon, and saw 4 of its levels.

You collected 237 gold pieces.

Inventory:

Hand Weapons
 a - a +0 flail (weapon)
Armour
 b - a +0 scale mail (worn)
 c - a +0 buckler (worn)
Jewellery
 f - a ring of ice
Scrolls
 e - 2 scrolls of torment {unknown}
 g - a scroll of brand weapon {unknown}
 h - a scroll of fear {unknown}
 j - 2 scrolls of immolation {unknown}
 m - 2 scrolls of teleportation {unknown}
 o - a scroll of blinking {unknown}
Potions
 d - a potion of might
 i - a potion of heal wounds {unknown}
 k - a potion of degeneration {unknown}
 l - a potion of flight {unknown}
 n - a potion of invisibility {unknown}
 p - a potion of brilliance {unknown}
 q - a potion of mutation {unknown}


   Skills:
 + Level 4.3 Fighting
 * Level 4.2 Maces & Flails
 - Level 3.2 Armour
 - Level 4.0 Shields


You had 4 spell levels left.
You didn't know any spells.
Your spell library contained the following spells:

 Spells                   Type           Power      Damage    Failure   Level
 Stone Arrow              Conj/Erth      0%         3d7       99%         3
 Animate Armour           Summ/Erth      0%         N/A       100%        4
 Lehudib's Crystal Spear  Conj/Erth      0%         10d2      100%        8


Dungeon Overview and Level Annotations

Branches:
Dungeon (4/15)
 Temple: D:4-7

Altars:

Shops:
D:1 =


Innate Abilities, Weirdness & Mutations

You cannot be hasted, slowed, berserked, paralysed or teleported.
You can dig through walls and to a lower floor.
You have a pair of large antennae on your head. (SInv)
Your four strong arms can wield two-handed weapons with a shield.


Message History

You kill the goblin!
The orc hits you with a +0 mace. You block the orc's attack.
You hit the orc.
You kill the orc!
The orc barely misses you.
You hit the orc wizard.
The orc wizard is lightly wounded.
You miss the orc wizard.
The orc wizard is lightly wounded.
The orc hits you with a +0 dagger.
The orc wizard gestures at you while chanting.
You resist with some effort.
You hit the orc wizard.
The orc wizard is moderately wounded.
The orc priest hits you with a +0 falchion.
The orc hits you with a +0 dagger. You block the orc wizard's attack.
The orc barely misses you.
The orc wizard hits you with a +0 dagger.
The orc wizard attacks as you move away!
The orc wizard hits you with a +0 dagger.
The orc attacks as you move away! The orc hits you with a +0 dagger.
* * * LOW HITPOINT WARNING * * *
You hit the orc priest.
The orc priest is lightly wounded.
You block the orc priest's attack.
You closely miss the orc wizard.
The orc wizard is moderately wounded.
The orc wizard hits you with a +0 dagger.
* * * LOW HITPOINT WARNING * * *
The orc wizard casts a spell at you. You resist with some effort.
The orc wizard gestures wildly while chanting.
The orc wizard flickers and vanishes for a moment.
The orc wizard casts a spell at you. The puff of flame hits you.
* * * LOW HITPOINT WARNING * * *
There is a stone staircase leading up here.
The orc wizard casts a spell at you. The puff of flame hits you.
You die...

...#.#...........#
........#......###
...[............#
..........go....#
.........o.....#
.#.........o.....#
....###..........#
.....>...........#
..###.@....<....#
##..........#
............#
.............#
###..####......
##.. #..... ...
... ###


You could see an orc priest, an orc wizard (invisible), an orc and a goblin.

Vanquished Creatures
  Terence (D:3)
  4 adders
  A worm (D:2)
  7 orcs
  4 bats
  3 endoplasms
  3 giant cockroaches
  4 goblins
  2 hobgoblins (D:2)
  4 kobolds
  2 quokkas
  A ball python (D:1)
  3 rats
39 creatures vanquished.

Notes
Turn   | Place    | Note
-------+----------+-------------------------------------------
     0 | D:1      | cforsyth the Formicid Fighter began the quest for the Orb.
     0 | D:1      | Reached XP level 1. HP: 18/18 MP: 1/1
    33 | D:1      | Found Uqeratypn's Jewellery Boutique.
   149 | D:1      | Reached XP level 2. HP: 24/24 MP: 2/2
   664 | D:2      | Reached XP level 3. HP: 28/30 MP: 3/3
  1290 | D:3      | Noticed Terence
  1302 | D:3      | Killed Terence
  1303 | D:3      | Reached XP level 4. HP: 23/37 MP: 4/4
  1722 | D:3      | Reached XP level 5. HP: 42/42 MP: 5/5
  2207 | D:4      | Killed from afar by an orc wizard

Illustrated notes

Levels and vault maps discovered:
D:1:      reono_arrival_mine, layout_basic, serial_shops, shop,
          dk_noncrumbling_3, palyth_stone_intersect
D:2:      layout_loops_ring, minmay_hexomino_u4
D:3:      layout_basic, minmay_vboxes, uniq_terence
D:4:      layout_rooms, nicolae_elyvilon_temple_path

Skill      XL: |  1  2  3  4 |
---------------+-------------+-----
Maces & Flails | 3 4 |  4.2
Fighting       | 4 |  4.3
Armour         | |  3.2
Shields        | |  4.0

Action                     |  1- 3 |  4- 6 || total
---------------------------+-------+-------++-------
  Melee: Flail             |    78 |    42 ||   120
 Armour: Scale mail        |    30 |    15 ||    45
  Dodge: Dodged            |    45 |    29 ||    74
  Block: Buckler           |    20 |    12 ||    32

Table legend: (Time is in decaauts)
 A = Elapsed time spent in this place.
 B = Non-inter-level travel time spent in this place.
 C = Inter-level travel time spent in this place.
 D = Time resting spent in this place.
 E = Time spent auto-exploring this place.
 F = Levels seen in this place.
 G = Mean time per level.
                   A        B        C        D        E       F      G
               +--------+--------+--------+--------+--------+-----+--------+
         Total |   2236 |   2169 |     67 |      0 |   1834 |   4 |  559.0 |
       Dungeon |   2236 |   2169 |     67 |      0 |   1834 |   4 |  559.0 |
               +--------+--------+--------+--------+--------+-----+--------+

Top non-repeatable levels by time:
     D:3: 997 daAuts
     D:2: 811 daAuts
     D:1: 380 daAuts
     D:4: 46 daAuts
